 Dungeon Crawl Stone Soup version 0.26.1-2-gb8aa6d0cf2 (webtiles) character file.

Game seed: 5926053740885037150

2380 0gre the Frost Mage (level 9, -2/65 HPs)
             Began as a Gnoll Ice Elementalist on Mar 30, 2021.
             Was a Follower of Vehumet.
             Slain by Joseph
             ... wielding a +0 quarterstaff
              (15 damage)
             ... on level 7 of the Dungeon on Mar 31, 2021.
             The game lasted 00:39:23 (8410 turns).

0gre the Frost Mage (Gnoll Ice Elementalist)        Turns: 8410, Time: 00:39:24

Health: -2/65      AC:  6    Str: 12    XL:     9   Next: 45%
Magic:  15/19      EV: 16    Int: 25    God:    Vehumet [*.....]
Gold:   226        SH:  0    Dex: 16    Spells: 9/21 levels left

rFire    + . .     SeeInvis .   a - +3 battleaxe
rCold    . . .     Faith    .   (shield currently unavailable)
rNeg     . . .     Spirit   .   C - +0 robe
rPois    .         Reflect  .   u - +1 hat
rElec    .         Harm     .   D - +0 cloak
rCorr    .         Rampage  .   F - +0 pair of gloves
Will     .....                  h - +0 pair of boots
Stlth    +++.......             (no amulet)
HPRegen  0.20/turn              g - +6 ring of intelligence
MPRegen  0.16/turn              s - ring of protection from fire

@: frozen ramparts
A: distributed training, fangs 1, strong nose
a: Renounce Religion


You were on level 7 of the Dungeon.
You worshipped Vehumet.
Vehumet was aware of your devotion.
You visited 2 branches of the dungeon, and saw 8 of its levels.
You also visited: Ossuary.

You collected 435 gold pieces.
You spent 209 gold pieces at shops.

Inventory:

Hand Weapons
 a - a +3 battleaxe (weapon)
 b - a +0 hunting sling
 c - the +1 quarterstaff of Toanlece {flame, Int+3 Dex+5}
   (You found it on level 5 of the Dungeon)

   It has been specially enchanted to burn those struck by it, causing extra
   injury to most foes and up to half again as much damage against particularly
   susceptible opponents.
   It affects your intelligence (+3).
   It affects your dexterity (+5).
Missiles
 d - 132 stones
 k - 67 poisoned darts (quivered)
 n - 67 bolts
 p - 7 boomerangs
 y - 20 sling bullets
Armour
 h - a +0 pair of boots (worn)
 u - a +1 hat (worn)
 C - a +0 robe (worn)
 D - a +0 cloak (worn)
 F - a +0 pair of gloves (worn)
Jewellery
 g - a +6 ring of intelligence (left hand)
 s - a ring of protection from fire (right hand)
Wands
 r - a wand of acid (10)
 t - a wand of digging (5)
 G - a wand of iceblast (10)
 H - a wand of paralysis (10)
Scrolls
 f - 2 scrolls of amnesia
 i - a scroll of immolation
 j - 2 scrolls of fear
 m - 7 scrolls of remove curse
 q - a scroll of blinking
 v - 4 scrolls of teleportation
 x - a scroll of magic mapping
 I - a scroll of enchant armour {unknown}
Potions
 e - 5 potions of heal wounds
 l - 3 potions of haste
 o - 5 potions of lignification
 w - 2 potions of invisibility {unknown}
 z - 2 potions of might {unknown}
 A - a potion of attraction {unknown}
 B - a potion of cancellation {unknown}
 E - 2 potions of curing


   Skills:
 + Level 4.2 Fighting
 + Level 4.2 Short Blades
 + Level 4.2 Long Blades
 + Level 4.2 Axes
 + Level 4.2 Maces & Flails
 + Level 4.2 Polearms
 + Level 4.2 Staves
 + Level 4.2 Slings
 + Level 4.2 Bows
 + Level 4.2 Crossbows
 + Level 4.2 Throwing
 + Level 4.2 Armour
 + Level 6.3 Dodging
 + Level 6.0 Stealth
 + Level 4.2 Shields
 + Level 4.2 Unarmed Combat
 + Level 6.6 Spellcasting
 + Level 3.5 Conjurations
 + Level 3.5 Hexes
 + Level 3.5 Summonings
 + Level 3.5 Necromancy
 + Level 3.5 Translocations
 + Level 3.5 Transmutations
 + Level 3.5 Fire Magic
 + Level 8.0 Ice Magic
 + Level 3.5 Air Magic
 + Level 3.5 Earth Magic
 + Level 3.5 Poison Magic
 + Level 4.7 Invocations
 + Level 4.2 Evocations


You had 9 spell levels left.
You knew the following spells:

 Your Spells              Type           Power        Failure   Level
a - Freeze                Ice            100%         1%          1
b - Frozen Ramparts       Ice            96%          1%          3
c - Summon Ice Beast      Ice/Summ       37%          6%          4
d - Mephitic Cloud        Conj/Pois/Air  25%          4%          3
q - Magic Dart            Conj           100%         1%          1

Your spell library contained the following spells:

 Spells                   Type           Power        Failure   Level
 Shock                    Conj/Air       100%         1%          1
 Ozocubu's Armour         Ice            48%          1%          3
 Blink                    Tloc           N/A          2%          2
 Call Imp                 Summ           25%          2%          2
 Slow                     Hex            25%          2%          2
 Conjure Flame            Conj/Fire      25%          4%          3
 Hailstorm                Conj/Ice       37%          6%          4


Dungeon Overview and Level Annotations

Branches:
Dungeon (7/15)             Temple (1/1) D:5         Ossuary (visited)

Altars:
Ashenzari
Cheibriados
Fedhas
Hepliaklqana
Nemelex Xobeh
Okawaru
Sif Muna
Vehumet
Wu Jian
Yredelemnul

Shops:
D:5 !

Annotations:
D:7 Joseph


Innate Abilities, Weirdness & Mutations

Your experience applies equally to all skills.
You have very sharp teeth.
Your uncanny sense of smell can sniff out nearby items.


Message History

Press: ? - help, Shift-Dir - straight line, f - Joseph
Aim: Joseph, wielding a +0 quarterstaff, wearing a +0 leather armour and quivering 6 sling bullets (lightly wounded, 0% to evade)
The magic dart hits Joseph.
Joseph is moderately wounded.
Joseph hits you with a +0 quarterstaff.
Casting: Magic Dart (safe; 1% risk of failure)
Confirm with . or Enter, or press ? or * to list all spells.
Casting: Frozen Ramparts (safe; 1% risk of failure)
Press: ? - help, Dir - look around, f - activate The walls around you are covered in ice.
The wall freezes Joseph!
Joseph hits you with a +0 quarterstaff!
* * * LOW HITPOINT WARNING * * *
You slice Joseph!!
Joseph is severely wounded.
The wall freezes Joseph.
Joseph hits you with a +0 quarterstaff.
* * * LOW HITPOINT WARNING * * *
You slash Joseph! You bite Joseph.
Joseph is severely wounded.
The wall freezes Joseph.
Joseph hits you with a +0 quarterstaff!
You die...

.###.#.#
#..#######
.....#)#
#.........
.#####.#
#.########
.#####.#
#.#
.......#
#.#
######.#
#.# #.#
#.# #.#
####.#.#
#.#
#@@....#
#.#
#.##..#.#
#.. ...
...# .. .#
###. .#.#
## #... ..
###. ..#
## ### ∆
###


You could see Joseph.

Vanquished Creatures
  The ghost of TheGreatAnchovy the Sneak, a novice OpBr of Dithmenos (D:5)
  Sigmund (D:2)
  A wraith (Ossuary)
  A black bear (D:7)
  2 ogres
  3 bullfrogs
  4 scorpions
  5 wights (D:6)
  A quasit (D:7)
  2 hounds
  2 orc priests
  Crazy Yiuf (D:5)
  An iguana (D:7)
  5 worker ants
  7 orc wizards
  A hound zombie (D:6)
  A hound skeleton (D:6)
  4 mummies
  2 worker ant zombies (D:6)
  7 adders
  A gnoll (D:1)
  A shadow imp (D:6)
  An ufetubus (D:7)
  An ooze (D:6)
  2 worms
  A dart slug (D:5)
  2 leopard geckos
  29 orcs
  5 bats
  4 giant cockroaches
  3 goblins
  6 hobgoblins
  5 quokkas
  4 frilled lizards
  A goblin zombie (Ossuary)
  4 hobgoblin zombies (Ossuary)
  A jackal skeleton (D:4)
  8 kobolds
  A kobold zombie (Ossuary)
  A leopard gecko zombie (D:5)
  A quokka skeleton (D:6)
  3 rats (D:1)
137 creatures vanquished.

Vanquished Creatures (collateral kills)
  2 phantoms
2 creatures vanquished.

Grand Total: 139 creatures vanquished

Notes
Turn   | Place    | Note
-------+----------+-------------------------------------------
     0 | D:1      | 0gre the Gnoll Ice Elementalist began the quest for the
                  | Orb.
     0 | D:1      | Reached XP level 1. HP: 13/13 MP: 6/6
   177 | D:1      | Reached XP level 2. HP: 17/19 MP: 4/7
   743 | D:1      | Reached skill level 5 in Spellcasting
   743 | D:1      | Reached XP level 3. HP: 6/25 MP: 5/9
   982 | D:1      | Learned a level 3 spell: Frozen Ramparts
  1098 | D:2      | Reached skill level 1 in Invocations
  1098 | D:2      | You fall into a shaft and drop 1 floor!
  1483 | D:2      | Reached skill level 1 in Fighting
  1483 | D:2      | Reached skill level 1 in Short Blades
  1483 | D:2      | Reached skill level 1 in Long Blades
  1483 | D:2      | Reached skill level 1 in Axes
  1483 | D:2      | Reached skill level 1 in Maces & Flails
  1483 | D:2      | Reached skill level 1 in Polearms
  1483 | D:2      | Reached skill level 1 in Staves
  1483 | D:2      | Reached skill level 1 in Slings
  1483 | D:2      | Reached skill level 1 in Bows
  1483 | D:2      | Reached skill level 1 in Crossbows
  1483 | D:2      | Reached skill level 1 in Throwing
  1483 | D:2      | Reached skill level 1 in Armour
  1483 | D:2      | Reached skill level 1 in Shields
  1483 | D:2      | Reached skill level 1 in Unarmed Combat
  1483 | D:2      | Reached skill level 1 in Evocations
  1536 | D:2      | Reached XP level 4. HP: 32/32 MP: 9/11
  1629 | D:2      | Noticed Sigmund
  1645 | D:2      | Killed Sigmund
  1646 | D:2      | Reached skill level 1 in Conjurations
  1646 | D:2      | Reached skill level 1 in Hexes
  1646 | D:2      | Reached skill level 1 in Summonings
  1646 | D:2      | Reached skill level 1 in Necromancy
  1646 | D:2      | Reached skill level 1 in Translocations
  1646 | D:2      | Reached skill level 1 in Transmutations
  1646 | D:2      | Reached skill level 1 in Fire Magic
  1646 | D:2      | Reached skill level 1 in Air Magic
  1646 | D:2      | Reached skill level 1 in Earth Magic
  1646 | D:2      | Reached skill level 1 in Poison Magic
  1646 | D:2      | Reached XP level 5. HP: 28/38 MP: 6/12
  1646 | D:2      | Reached XP level 6. HP: 32/44 MP: 6/13
  1673 | D:2      | Learned a level 4 spell: Summon Ice Beast
  1675 | D:2      | Learned a level 1 spell: Magic Dart
  1842 | D:2      | Found a sparkling altar of Nemelex Xobeh.
  2165 | D:3      | Found an iron altar of Okawaru.
  2731 | D:4      | Reached skill level 5 in Dodging
  2804 | D:4      | Found a sand-covered staircase.
  2817 | Ossuary  | Entered an ossuary
  2817 | Ossuary  | Noticed a wraith
  2817 | Ossuary  | Noticed a wraith
  2817 | Ossuary  | Noticed a wraith
  3218 | Ossuary  | Noticed a wraith
  3224 | Ossuary  | Killed a wraith
  3225 | Ossuary  | Reached XP level 7. HP: 25/51 MP: 15/15
  3834 | D:4      | Reached skill level 5 in Stealth
  4111 | D:4      | Found a shimmering blue altar of Sif Muna.
  4188 | D:4      | Found an ornate altar of the Wu Jian Council.
  4301 | D:4      | Reached XP level 8. HP: 57/57 MP: 16/16
  4305 | D:4      | Learned a level 3 spell: Mephitic Cloud
  4550 | D:5      | Entered Level 5 of the Dungeon
  4557 | D:5      | Found a snail-covered altar of Cheibriados.
  4657 | D:5      | Found a basalt altar of Yredelemnul.
  4747 | D:5      | Found a staircase to the Ecumenical Temple.
  4763 | Temple   | Entered the Ecumenical Temple
  4831 | Temple   | Became a worshipper of Vehumet
  4914 | D:5      | Found a runed translucent door.
  4915 | D:5      | Noticed Crazy Yiuf
  4923 | D:5      | Killed Crazy Yiuf
  5236 | D:5      | Noticed TheGreatAnchovy's ghost (novice OpBr)
  5246 | D:5      | Found a runed translucent gate.
  5246 | D:5      | Found a runed translucent gate.
  5248 | D:5      | Found a runed translucent gate.
  5288 | D:5      | Killed TheGreatAnchovy's ghost
  5588 | D:5      | Found a broken altar of Ashenzari.
  5598 | D:5      | Found Birilimep's Distillery.
  5613 | D:5      | Bought a potion of degeneration for 11 gold pieces
  5620 | D:5      | Bought a potion of haste for 110 gold pieces
  5620 | D:5      | Bought a potion of heal wounds for 55 gold pieces
  5620 | D:5      | Bought a potion of curing for 33 gold pieces
  5691 | D:5      | Got a pitted quarterstaff
  5692 | D:5      | Identified the cursed +1 quarterstaff of Toanlece {flame,
                  | Int+3 Dex+5} (You found it on level 5 of the Dungeon)
  6664 | D:6      | Reached XP level 9. HP: 65/65 MP: 16/18
  7735 | D:6      | Found a blossoming altar of Fedhas.
  7735 | D:6      | Found a hazy altar of Hepliaklqana.
  7907 | D:7      | Reached * piety under Vehumet
  7907 | D:7      | Offered knowledge of Shock by Vehumet.
  8144 | D:7      | Reached skill level 8 in Ice Magic
  8400 | D:7      | Noticed Joseph
  8410 | D:7      | Slain by Joseph

Illustrated notes

Levels and vault maps discovered:
D:1:      lightli_arrival_maybe_door_vault, layout_basic,
          minmay_misc_feat_tower, item_on_display_a
D:2:      layout_rooms, nemelex_spade_bored_becter, uniq_sigmund
D:3:      layout_loops_ring, lemuel_doored_altar
D:4:      layout_gridville, kennysheep_little_box, led_sif_book,
          gup_ossuary_entry_pyramid
D:5:      layout_basic, kennysheep_slug_shrine, nicolae_overflow_crystal_walls,
          minmay_temple_entry_glassed_door, serial_shops, shop, basic_altar,
          gammafunk_ghost_split, uniq_crazy_yiuf_cottage
D:6:      layout_basic, gammafunk_temple_overflow_elements, serial_rivers,
          chequers_serial_rivers_room_b, chequers_serial_rivers_large_a,
          chequers_serial_rivers_marsh, chequers_serial_rivers_room_b
D:7:      layout_loops_ring, uniq_joseph
Temple:   regret_index_temple_generic_petals

Skill      XL: |  1  2  3  4  5  6  7  8  9 |
---------------+----------------------------+-----
Spellcasting   | 5 6 |  6.6
Invocations    | 1 2 3 4 |  4.7
Fighting       | 1 2 3 4 |  4.2
Short Blades   | 1 2 3 4 |  4.2
Long Blades    | 1 2 3 4 |  4.2
Axes           | 1 2 3 4 |  4.2
Maces & Flails | 1 2 3 4 |  4.2
Polearms       | 1 2 3 4 |  4.2
Staves         | 1 2 3 4 |  4.2
Slings         | 1 2 3 4 |  4.2
Bows           | 1 2 3 4 |  4.2
Crossbows      | 1 2 3 4 |  4.2
Throwing       | 1 2 3 4 |  4.2
Armour         | 1 2 3 4 |  4.2
Shields        | 1 2 3 4 |  4.2
Unarmed Combat | 1 2 3 4 |  4.2
Evocations     | 1 2 3 4 |  4.2
Conjurations   | 1 2 3 |  3.5
Hexes          | 1 2 3 |  3.5
Summonings     | 1 2 3 |  3.5
Necromancy     | 1 2 3 |  3.5
Translocations | 1 2 3 |  3.5
Transmutations | 1 2 3 |  3.5
Fire Magic     | 1 2 3 |  3.5
Air Magic      | 1 2 3 |  3.5
Earth Magic    | 1 2 3 |  3.5
Poison Magic   | 1 2 3 |  3.5
Dodging        | 5 6 |  6.3
Stealth        | 5 6 |  6.0
Ice Magic      | 8 |  8.0

Action                   |  1- 3 |  4- 6 |  7- 9 || total
-------------------------+-------+-------+-------++-------
Melee: Hand axe          |    18 |     4 |       ||    22
       Great sword       |       |    34 |    91 ||   125
       Bite              |       |       |    19 ||    19
       Battleaxe         |       |       |    62 ||    62
 Fire: Hunting sling     |    23 |    17 |    44 ||    84
Throw: Boomerang         |       |     2 |       ||     2
 Cast: Freeze            |    28 |     4 |       ||    32
       Frozen Ramparts   |       |     5 |    14 ||    19
       Magic Dart        |       |    14 |    61 ||    75
       Summon Ice Beast  |       |       |     2 ||     2
Evoke: Wand              |       |       |     1 ||     1
  Use: Scroll            |     7 |     5 |     7 ||    19
 Stab: Sleeping          |     1 |     1 |     4 ||     6
       Distracted        |       |       |     1 ||     1
Armor: Robe              |     7 |    10 |    34 ||    51
Dodge: Dodged            |    28 |    23 |   146 ||   197
       Rpst.: Great sword |       |     2 |    26 ||    28
